 Dungeon Crawl Stone Soup version 0.27-a0-1290-g15d3ce7508 (webtiles) character file.

Game seed: 13788053527711559906

225 EldarEldrad the Magician (level 5, -4/28 HPs)
             Began as a Deep Elf Fire Elementalist on June 15, 2021.
             Slain by Grinder (5 damage)
             ... while paralysed by Grinder
             ... on level 3 of the Dungeon.
             The game lasted 00:09:24 (3025 turns).

EldarEldrad the Magician (DEFE)                     Turns: 3025, Time: 00:09:25

Health: -4/28      AC:  3    Str:  5    XL:     5   Next: 68%
Magic:  7/14       EV:  2    Int: 21    God:
Gold:   113        SH:  0    Dex: 15    Spells: 12/13 levels left

rFire    . . .     SeeInvis .   j - +0 dagger
rCold    . . .     Faith    .   (no shield)
rNeg     . . .     Spirit   .   a - +1 robe
rPois    .         Reflect  .   (no helmet)
rElec    .         Harm     .   (no cloak)
rCorr    .         Rampage  .   (no gloves)
Will     .....                  (no boots)
Stlth    ++........             (no amulet)
HPRegen  0.09/turn              (no ring)
MPRegen  0.14/turn              (no ring)

@: paralysed
A: no striking features
a: no special abilities


You were on level 3 of the Dungeon.
You visited 1 branch of the dungeon, and saw 3 of its levels.

You collected 113 gold pieces.

Inventory:

Hand Weapons
 j - a +0 dagger (weapon)
Missiles
 b - 11 poisoned darts
Armour
 a - a +1 robe (worn)
Jewellery
 d - an amulet of guardian spirit
Scrolls
 i - a scroll of enchant armour
Potions
 c - a potion of brilliance {unknown}
 e - a potion of flight {unknown}
 f - 5 potions of lignification {unknown}
 g - a potion of curing {unknown}
 h - a potion of ambrosia {unknown}


   Skills:
 - Level 2.4 Dodging
 - Level 2.4 Stealth
 + Level 4.6 Spellcasting
 * Level 4.5 Conjurations
 + Level 4.5 Fire Magic


You had 12 spell levels left.
You knew the following spells:

 Your Spells              Type           Power      Damage    Failure   Level
a - Foxfire               Conj/Fire      92%        2x1d8     1%          1

Your spell library contained the following spells:

 Spells                   Type           Power      Damage    Failure   Level
 Conjure Flame            Conj/Fire      23%        6-21      5%          3
 Inner Flame              Hex/Fire       14%        N/A       13%         3
 Sticky Flame             Conj/Fire      23%        2d4       17%         4
 Fireball                 Conj/Fire      11%        3d7       43%         5


Dungeon Overview and Level Annotations

Branches:
Dungeon (3/15)

Altars:

Annotations:
D:3 Grinder


Message History

Grinder is heavily wounded.
Grinder says, "DUCK!"
Found a golden potion.
You are too injured to fight recklessly!
Casting: Foxfire (safe; 1% risk of failure)
Confirm with . or Enter, or press ? or * to list all spells.
You conjure some foxfire!
Grinder barely misses you.
The foxfire hits Grinder.
Grinder is heavily wounded.
The foxfire hits Grinder.
Grinder is heavily wounded.
Grinder blinks!
Casting: Foxfire (safe; 1% risk of failure)
Confirm with . or Enter, or press ? or * to list all spells.
You conjure some foxfire!
Grinder hits you.
* * * LOW HITPOINT WARNING * * *
You writhe in agony.
* * * LOW HITPOINT WARNING * * *
The foxfire hits Grinder.
Grinder is severely wounded.
The foxfire hits Grinder but does no damage.
Grinder is severely wounded.
Casting: Foxfire (safe; 1% risk of failure)
Confirm with . or Enter, or press ? or * to list all spells.
You conjure some foxfire!
Grinder closely misses you.
The foxfire hits Grinder.
Grinder is severely wounded.
The foxfire hits Grinder but does no damage.
Grinder is severely wounded.
Casting: Foxfire (safe; 1% risk of failure)
Confirm with . or Enter, or press ? or * to list all spells.
You conjure some foxfire!
Grinder gestures at you.
You suddenly lose the ability to move!
The foxfire hits Grinder.
Grinder is severely wounded.
The foxfire hits Grinder.
Grinder is severely wounded.
Grinder hits you.
You die...

.........#.§............#
.........#...........<..#
......†.†###.##†....###.#
.............####.#.....# .
........................# ..
############.########.....#...
...#...#.#...#..##### #.#####...
#.5#.#.#.#.#.#..§...# #.# #.#.
#.....P.P.P.....@...####....##.#.
...#.#.#.#.#.#...5...............
#...#_#...#......#####...##...
...#.#.#.#5#.#......# ........
....P...P.........### .###.##
...#.#.#.#.#.#....# .....
...#...#.#.P.#....# #.#.## ..
############...# #.#... # ....# .
...


You could see Grinder.

Vanquished Creatures
  Jessica (D:3)
  7 adders
  6 gnolls
  2 worms
  4 dart slugs (D:1)
  4 endoplasms
  3 giant cockroaches
  5 goblins
  3 hobgoblins
  13 jackals
  2 quokkas
  3 ball pythons
  3 bats
  5 kobolds
  6 rats
67 creatures vanquished.

Vanquished Creatures (others)
  213 foxfires
  3 fungi (D:3)
  4 plants (D:3)
220 creatures vanquished.

Grand Total: 287 creatures vanquished

Notes
Turn   | Place    | Note
-------+----------+-------------------------------------------
     0 | D:1      | EldarEldrad the Deep Elf Fire Elementalist began the quest
                  | for the Orb.
     0 | D:1      | Reached XP level 1. HP: 10/10 MP: 6/6
   235 | D:1      | Reached XP level 2. HP: 15/15 MP: 5/8
   790 | D:1      | Reached XP level 3. HP: 19/19 MP: 6/10
  1331 | D:2      | Reached XP level 4. HP: 24/24 MP: 6/11
  2068 | D:2      | Reached XP level 5. HP: 28/28 MP: 6/13
  2774 | D:3      | Noticed Jessica
  2777 | D:3      | Killed Jessica
  2992 | D:3      | Found a faded altar of an unknown god.
  2996 | D:3      | Noticed Grinder
  3020 | D:3      | HP: 1/28 [Grinder (3)]
  3024 | D:3      | Paralysed by Grinder for 4 turns
  3025 | D:3      | Slain by Grinder

Illustrated notes

Levels and vault maps discovered:
D:1:      amcnicky_arrival_flooded_fountain, layout_basic
D:2:      layout_basic
D:3:      layout_basic, gammafunk_ghost_smash,
          shapermc_ecumenical_altar_mp_urbaneastern,
          wander_ebering_terrifying_dragon_lair, uniq_jessica, uniq_grinder

Skill      XL: |  1  2  3  4  5 |
---------------+----------------+-----
Conjurations   | 2 3 4 |  4.5
Fire Magic     | 4 |  4.5
Spellcasting   | 4 |  4.6
Dodging        | |  2.4
Stealth        | |  2.4

Action                   |  1- 3 |  4- 6 || total
-------------------------+-------+-------++-------
Melee: Unarmed           |       |    10 ||    10
       Dagger            |       |     1 ||     1
 Cast: Foxfire           |    50 |    75 ||   125
  Use: Scroll            |       |     1 ||     1
Armor: Robe              |     3 |     1 ||     4
Dodge: Dodged            |     3 |    20 ||    23

Table legend: (Time is in decaauts)
 A = Elapsed time spent in this place.
 B = Non-inter-level travel time spent in this place.
 C = Inter-level travel time spent in this place.
 D = Time resting spent in this place.
 E = Time spent auto-exploring this place.
 F = Levels seen in this place.
 G = Mean time per level.
                   A        B        C        D        E       F      G
               +--------+--------+--------+--------+--------+-----+--------+
         Total |   3025 |   2939 |     86 |    534 |   1960 |   3 | 1008.3 |
       Dungeon |   3025 |   2939 |     86 |    534 |   1960 |   3 | 1008.3 |
               +--------+--------+--------+--------+--------+-----+--------+

Top non-repeatable levels by time:
     D:1: 1303 daAuts
     D:2: 903 daAuts
     D:3: 818 daAuts
